 Dungeon Crawl Stone Soup version 0.30.1-3-gfc49f6343a (webtiles) character file.

Game seed: 7096034162750302884

1601108 babooboo the Worldbinder (level 27, 139/139 HPs)
             Began as a Kobold Summoner on Aug 2, 2023.
             Was the Champion of Hepliaklqana.
             Escaped with the Orb
             ... and 3 runes on Aug 3, 2023!
             The game lasted 04:07:43 (69735 turns).

babooboo the Worldbinder (Kobold Summoner)         Turns: 69735, Time: 04:07:44

Health: 139/139    AC: 19    Str: 11      XL:     27
Magic:  44/44      EV: 21    Int: 26 (27) God:    Hepliaklqana [******]
Gold:   5124       SH: 17    Dex: 16 (18) Spells: 2/60 levels left

rFire   + + +        O - +8 dagger "Yptew" {drain, Fly rF++}
rCold   + + +        n - +2 kite shield "Pausar" {rC+ rN+}
rNeg    + + .        X - +2 faerie dragon scales {Regen+ rCorr}
rPois   .            M - +2 helmet {Int+3}
rElec   +            r - scarf of Kikubaaqudgha {+Inv, rElec rC+}
rCorr   +            x - +4 pair of gloves of the Enfolding Gods {rF+}
SInv    .            t - +2 pair of boots {rampage}
Will    ++...        U - amulet "Vujogisy" {rC+++ Regen+ Dex+2}
Stlth   ++           P - ring of wizardry
HPRegen 2.03/turn    B - ring of positive energy
MPRegen 0.29/turn

%: random rage (3%), rampage, wizardry (x1)
@: flying
A: reduced essence, small, no large weapons, nightstalker 3, hooves 1, berserk
1, fire resistance 1, subdued magic 1
0: Orb of Zot
}: 3/15 runes: barnacled, silver, gossamer
a: Renounce Religion, Evoke Invisibility, Recall Ancestor, Ancestor Identity,
Transference, Idealise


You escaped.
You worshipped Hepliaklqana.
Hepliaklqana was exalted by your worship.
You visited 9 branches of the dungeon, and saw 45 of its levels.
You visited 2 bazaars.
You also visited: Sewer, Bailey, Ice Cave, Volcano and Wizlab.

You collected 8901 gold pieces.
You spent 3777 gold pieces at shops.

Inventory:

Hand Weapons
 I - a +1 quick blade of holy wrath
 J - a +7 heavy quick blade
 O - the +8 dagger "Yptew" (weapon) {drain, Fly rF++}
   (You bought it in a shop in a bazaar)

   rF:        It greatly protects you from fire.
   Fly:       It grants you flight.
Missiles
 Y - a throwing net
Armour
 n - the +2 kite shield "Pausar" (worn) {rC+ rN+}
   (You found it in a bailey)

   rC:        It protects you from cold.
   rN:        It protects you from negative energy.
 r - the scarf of Kikubaaqudgha (worn) {+Inv, rElec rC+}
   (You acquired it on level 3 of the Realm of Zot)

   rC:        It protects you from cold.
   rElec:     It insulates you from electricity.
 t - a +2 pair of boots of rampaging (worn)
 x - the +4 pair of gloves of the Enfolding Gods (worn) {rF+}
   (You acquired it on level 3 of the Realm of Zot)

   rF:        It protects you from fire.
 A - a scarf of repulsion
 M - a +2 helmet of intelligence (worn)
 S - a +2 pair of gloves of dexterity
 W - the +2 robe of Viyxkee {rElec rF+ rC+ Stlth-}
   (You bought it in a shop on level 2 of the Orcish Mines)

   rF:        It protects you from fire.
   rC:        It protects you from cold.
   rElec:     It insulates you from electricity.
   Stlth:     It makes you less stealthy.
 X - the +2 faerie dragon scales (worn) {Regen+ rCorr}
   (You took it off the Enchantress on level 3 of the Depths)

   Regen:     It increases your rate of health regeneration.
   rCorr:     It protects you from acid and corrosion.
Jewellery
 b - the ring "Tara" {+Blink MP+9}
   (You found it on level 5 of the Vaults)

   [ring of magical power]

   MP:        It affects your magic capacity (+9).
   +Blink:    It lets you blink.
 g - the ring of Peace {rC+ AC+4 Dex+5 Stlth-}
   (You took it off an orc on level 5 of the Vaults)

   [ring of protection]

   AC:        It affects your AC (+4).
   Dex:       It affects your dexterity (+5).
   rC:        It protects you from cold.
   Stlth:     It makes you less stealthy.
 h - a ring of willpower
 i - the ring "Sokoplae" {Will++ rCorr Int+2}
   (You took it off a merfolk aquamancer on level 4 of the Shoals)

   [ring of resist corrosion]

   Int:       It affects your intelligence (+2).
   rCorr:     It protects you from acid and corrosion.
   Will:      It greatly increases your willpower.
 l - a ring of protection from fire
 v - a ring of poison resistance
 B - a ring of positive energy (right hand)
 E - the ring of Fiotivoh {Fly rC+ MP+9}
   (You bought it in a shop on level 1 of the Orcish Mines)

   [ring of magical power]

   rC:        It protects you from cold.
   MP:        It affects your magic capacity (+9).
   Fly:       It grants you flight.
 K - the ring "Luriran" {rF+ rC- Will+ Int+2 Dex+3}
   (You took it off a vampire mage on level 2 of the Depths)

   [ring of willpower]

   Int:       It affects your intelligence (+2).
   Dex:       It affects your dexterity (+3).
   rF:        It protects you from fire.
   rC:        It makes you vulnerable to cold.
   Will:      It increases your willpower.
 P - a ring of wizardry (left hand)
 U - the amulet "Vujogisy" (around neck) {rC+++ Regen+ Dex+2}
   (You acquired it on level 15 of the Dungeon)

   [amulet of regeneration]

   Dex:       It affects your dexterity (+2).
   rC:        It renders you almost immune to cold.
   Regen:     It increases your rate of health regeneration.
 Z - the ring of Jajinut {Int+3 Dex+6 SInv}
   (You took it off a yaktaur captain on level 5 of the Vaults)

   [ring of dexterity]

   Int:       It affects your intelligence (+3).
   Dex:       It affects your dexterity (+6).
   SInv:      It lets you see invisible.
Wands
 k - a wand of light (36)
 q - a wand of flame (80)
 w - a wand of iceblast (33)
 C - a wand of digging (6)
 G - a wand of paralysis (43)
 H - a wand of polymorph (19)
Scrolls
 a - 28 scrolls of identify
 d - 2 scrolls of fear
 m - 3 scrolls of amnesia
 p - 8 scrolls of teleportation
 u - 2 scrolls of enchant armour
 y - 7 scrolls of fog
 F - 4 scrolls of immolation
 Q - 2 scrolls of blinking
 R - 3 scrolls of torment
Potions
 c - 5 potions of curing
 e - 4 potions of ambrosia
 f - 5 potions of cancellation
 j - 7 potions of brilliance
 o - 15 potions of mutation
 s - 10 potions of might
 D - a potion of heal wounds
 L - 8 potions of lignification
 T - a potion of resistance
Miscellaneous
 N - a lightning rod (4/4)


   Skills:
 - Level 11.0 Fighting
 - Level 11.0 Short Blades
 - Level 14.3 Dodging
 - Level 12.2 Stealth
 - Level 18.3 Shields
 - Level 17.2 Spellcasting
 * Level 9.8 Conjurations
 - Level 24.7 Summonings
 - Level 12.0 Translocations
 - Level 9.6 Fire Magic
 - Level 10.0 Air Magic
 - Level 6.0 Invocations


You had 2 spell levels left.
You knew the following spells:

 Your Spells              Type           Power      Damage    Failure   Level
a - Plasma Beam           Fire/Air       27%        2x1d43    5%          6
b - Call Imp              Summ           100%       N/A       0%          2
c - Call Canine Familiar  Summ           86%        N/A       0%          3
d - Blink                 Tloc           100%       N/A       1%          2
e - Passwall              Tmut/Erth      14%        N/A       2%          2
f - Manifold Assault      Tloc           60%        N/A       1%          4
g - Malign Gateway        Summ/Tloc      37%        N/A       1%          7
h - Teleport Other        Tloc           60%        N/A       1%          3
i - Summon Horrible Thin  Summ           43%        N/A       1%          8
j - Summon Mana Viper     Hex/Summ       61%        N/A       1%          5
k - Dragon's Call         Summ           43%        N/A       8%          9
l - Spellforged Servitor  Conj/Summ      36%        N/A       1%          7

Your spell library contained the following spells:

 Spells                   Type           Power      Damage    Failure   Level
 Apportation              Tloc           100%       N/A       0%          1
 Summon Small Mammal      Summ           100%       N/A       0%          1
 Freeze                   Ice            68%        1d8       1%          1
 Kiss of Death            Conj/Necr      100%       2d13      1%          1
 Magic Dart               Conj           100%       1d8       1%          1
 Sandblast                Erth           34%        2d9       1%          1
 Sting                    Tmut/Pois      68%        1d6       1%          1
 Cigotuvi's Dreadful Rot  Necr/Pois/Air  60%        N/A       1%          2
 Lesser Beckoning         Tloc           100%       N/A       1%          2
 Momentum Strike          Conj/Tloc      100%       3d10      1%          2
 Poisonous Vapours        Pois/Air       74%        N/A       1%          2
 Ensorcelled Hibernation  Hex/Ice        34%        N/A       2%          2
 Summon Lightning Spire   Summ/Air       72%        N/A       0%          4
 Summon Cactus Giant      Summ           43%        N/A       0%          6
 Dazzling Flash           Conj/Hex       74%        N/A       1%          3
 Gell's Gravitas          Tloc           60%        N/A       1%          3
 Hailstorm                Conj/Ice       37%        3d9       1%          3
 Inner Flame              Hex/Fire       36%        N/A       1%          3
 Mephitic Cloud           Conj/Pois/Air  43%        N/A       1%          3
 Portal Projectile        Hex/Tloc       82%        N/A       1%          3
 Stone Arrow              Conj/Erth      74%        3d11      1%          3
 Summon Guardian Golem    Hex/Summ       61%        N/A       1%          3
 Vhi's Electric Charge    Tloc/Air       100%       N/A       1%          3
 Volatile Blastmotes      Fire/Tloc      100%       2d18      1%          3
 Animate Armour           Summ/Erth      100%       N/A       1%          4
 Flame Wave               Conj/Fire      54%        2d13      1%          4
 Iskenderun's Mystic Bla  Conj/Tloc      57%        2d12      1%          4
 Passage of Golubria      Tloc           60%        N/A       1%          4
 Sticky Flame             Conj/Fire      54%        2d7       1%          4
 Summon Ice Beast         Ice/Summ       61%        N/A       1%          4
 Arcjolt                  Conj/Air       27%        1d37      1%          5
 Summon Forest            Summ/Tloc      37%        N/A       1%          5
 Dispersal                Tloc           30%        N/A       1%          6
 Monstrous Menagerie      Summ           43%        N/A       1%          7
 Fulminant Prism          Conj/Hex       18%        3d10      2%          4
 Freezing Cloud           Conj/Ice/Air   21%        6-21      3%          5
 Starburst                Conj/Fire      27%        6d9       5%          6
 Confusing Touch          Hex            17%        N/A       6%          3
 Frozen Ramparts          Ice            34%        1d6       6%          3
 Ozocubu's Armour         Ice            17%        N/A       6%          3
 Spider Form              Tmut/Pois      17%        N/A       6%          3
 Tukima's Dance           Hex            17%        N/A       6%          3
 Silence                  Hex/Air        18%        N/A       7%          5
 Haunt                    Necr/Summ      30%        N/A       11%         7
 Anguish                  Hex/Necr       8%         N/A       21%         4
 Animate Dead             Necr           17%        N/A       21%         4
 Cause Fear               Hex            8%         N/A       21%         4
 Dispel Undead            Necr           17%        3d10      21%         4
 Ice Form                 Ice/Tmut       17%        N/A       21%         4
 Leda's Liquefaction      Hex/Erth       8%         N/A       21%         4
 Olgreb's Toxic Radiance  Pois           17%        N/A       21%         4
 Petrify                  Tmut/Erth      17%        N/A       21%         4
 Orb of Destruction       Conj           27%        9d9       28%         7
 Agony                    Necr           17%        N/A       47%         5
 Alistair's Intoxication  Tmut/Pois      11%        N/A       47%         5
 Blade Hands              Tmut           8%         N/A       47%         5
 Borgnjor's Vile Clutch   Necr/Erth      8%         N/A       47%         5
 Lee's Rapid Deconstruct  Erth           8%         3d7*      47%         5
 Yara's Violent Unravell  Hex/Tmut       8%         3d5       47%         5
 Disjunction              Tloc           30%        N/A       65%         8
 Ignition                 Fire           27%        3d9       92%         8
 Death Channel            Necr           8%         N/A       96%         6
 Eringya's Noxious Bog    Tmut/Pois      8%         N/A       96%         6
 Simulacrum               Ice/Necr       8%         N/A       96%         6
 Statue Form              Tmut/Erth      11%        N/A       96%         6
 Dragon Form              Tmut           8%         N/A       100%        7
 Enfeeble                 Hex            8%         N/A       100%        7
 Ozocubu's Refrigeration  Ice            8%         4d9       100%        7
 Discord                  Hex            8%         N/A       100%        8
 Infestation              Necr           8%         N/A       100%        8
 Necromutation            Tmut/Necr      8%         N/A       100%        8
 Fire Storm               Conj/Fire      27%        8d7       100%        9


Dungeon Overview and Level Annotations

Branches:
Dungeon (15/15)            Temple (1/1) D:6            Lair (5/5) D:10
 Shoals (4/4) Lair:3       Spider (4/4) Lair:2        Slime (0/5) Lair:4
    Orc (2/2) D:9             Elf (0/3) Orc:2        Vaults (5/5) D:14
  Crypt (0/3) Vaults:2     Depths (4/4) D:15            Zot (5/5) Depths:4
  Sewer (visited)          Bailey (visited)           IceCv (visited)
Volcano (visited)          WizLab (visited)

Altars:
Cheibriados
Elyvilon
Gozag
Hepliaklqana
Okawaru
Qazlal
Sif Muna
Uskayaw
Wu Jian
Xom
Yredelemnul

Shops:
D:1 [   D:3 :   D:13 ?   Orc:1 :=:   Orc:2 *(**[:   Shoals:1 =   Shoals:2 =
Vaults:4 [[[   Depths:1 (*   Depths:2 !   Depths:4 [

Portals:
Hell: Depths:1 Depths:2 Depths:3 Depths:4
Abyss: Depths:2 Depths:3
Pandemonium: Depths:1 Depths:2
Ziggurat: Depths:1
Trove: Depths:3 (give 3 potions of resistance)

Annotations:
D:10 exclusion: ice statue
D:13 2 transporters, Louise
Vaults:4 1 runed translucent door, Bicih's ghost, veteran MiFi


Innate Abilities, Weirdness & Mutations

Your life essence is reduced to manifest your ancestor. (-10% HP)
You are small and have problems with some larger weapons.
You are completely attuned to the shadows.
You have large cloven feet.
You sometimes lose your temper in combat.
Your flesh is heat resistant. (rF+)
Your spells are a little easier to cast, but a little less powerful.


Message History

You hit the ynoxinul.
The ynoxinul is moderately wounded.
You block the ynoxinul's attack.
You puncture the ynoxinul!
The ynoxinul is heavily wounded.
Ramose mumbles some strange words.
Ramose seems to speed up.
You barely miss the ynoxinul.
The ynoxinul is heavily wounded.
The ynoxinul hits you but does no damage.
Ramose casts a spell at the ynoxinul.
The ynoxinul suddenly stops moving!
The helpless ynoxinul fails to defend itself.
You stick the ynoxinul like a pincushion!!!!
You kill the ynoxinul!
Magic restored.
There is a stone staircase leading up here.
You fly upwards.
There is a stone staircase leading down here.
There is an open door here.
Ramose is no longer moving quickly.
There is an open door here.
An Ice Fiend comes into view.
The Ice Fiend moves out of view.
There is a stone staircase leading up here.
You fly upwards.
There is a stone staircase leading down here.
You swap places.
There is a stone staircase leading up here.
You fly upwards.
There is a stone staircase leading down here.
You see here a +0 whip.
There is a stone staircase leading up here.
You fly upwards.
There is a stone staircase leading down here.
You see here a +0 sling.
You reach down and open the door.
There is an open door here.
There is a staircase leading out of the dungeon here.
You have escaped!

##..#.##.#..........#.#
......#..#......##....#
.........#...........##
.######..............# ##
##...#..........# #
##...##....###...#
#..#.##...##.##..#
#.#.......#...#..#
##...#.##..'R@.'..#
#...#..##..#...#..# #
#..##.###..##.##..# ##
#.###.###...###...# .#
#.#.....#.........#
.###.#.###.#.........#####
.##....# #...............#
###.#### ##........#####(#
# #.# ########.......#


You could see the friendly Ramose the hexer.

Vanquished Creatures
  An orb of fire (Zot:5)
  Mara (Vaults:3)
  2 Killer Klowns (Zot:5)
  2 curse toes (Zot:4)
  3 golden dragons
  Nikola (Shoals:2)
  2 electric golems (Zot:5)
  2 tentacled monstrosities
  6 Orb Guardians
  A titan (Vaults:5)
  A quicksilver dragon (Zot:1)
  2 sphinxes
  A kraken (Shoals:2)
  3 shadow dragons
  A storm dragon (Vaults:5)
  2 tengu reavers
  2 draconian monks
  A revenant (Depths:2)
  3 fire giants
  3 draconian knights
  A draconian scorcher (Zot:1)
  3 vault wardens
  2 frost giants
  2 ghost moths
  A draconian stormcaller (Zot:3)
  An orc warlord (Orc:2)
  2 reapers (IceCv)
  A war gargoyle (Vaults:5)
  7 ironbound preservers
  4 ironbound thunderhulks
  5 stone giants
  A cacodemon (Depths:2)
  A juggernaut skeleton (Depths:2)
  4 very ugly things
  Nessos (D:14)
  A vampire knight (Depths:2)
  3 dire elephants
  2 black draconians
  2 purple draconians (Zot:1)
  2 yellow draconians
  A white draconian (Zot:4)
  2 red draconians
  2 spark wasps
  5 merfolk impalers
  3 ettins
  7 yaktaur captains
  Josephine (Shoals:1)
  A fire dragon (Depths:1)
  An entropy weaver (Vaults:3)
  3 ice dragons
  3 hydras
  An entropy weaver (shapeshifter) (Depths:3)
  A deep elf high priest (Vaults:5)
  5 great orbs of eyes
  A hell beast (Depths:1)
  A rakshasa (Depths:2)
  2 ogre magi (Vaults:5)
  3 ironbound frosthearts (Vaults:1)
  24 vault guards (Vaults:5)
  A spriggan air mage (Depths:3)
  10 centaur warriors
  A merfolk avatar (Shoals:4)
  A death knight (Vaults:2)
  A deep troll shaman (Depths:2)
  Erica (D:9)
  An alligator snapping turtle (Shoals:4)
  5 two-headed ogres
  A death yak (Shoals:4)
  Urug (Orc:2)
  A tengu warrior (Depths:3)
  4 boulder beetles
  An orc high priest (Orc:2)
  A vampire mage (Depths:2)
  A naga sharpshooter (WizLab)
  A spriggan (Depths:2)
  A hell knight (Depths:4)
  A skeletal warrior (D:14)
  A skyshark (Shoals:2)
  2 golden dragon zombies (Depths:2)
  2 flayed ghosts
  5 sea snakes
  13 deep trolls
  A glowing orange brain (Depths:4)
  An obsidian statue (IceCv)
  2 spriggan simulacra
  4 lindwurms
  A lindwurm (shapeshifter) (Vaults:5)
  2 wizards
  An orange crystal statue (IceCv)
  2 swamp dragons
  Pikel (D:7)
  5 deep elf pyromancers
  A wolf spider zombie (Spider:2)
  An orc knight (D:14)
  7 harpies
  6 ugly things
  6 ironbound convokers
  2 necromancers
  2 orc sorcerers
  6 fauns
  A wolf spider (Spider:2)
  A manticore (shapeshifter) (Vaults:5)
  A salamander (D:15)
  3 cyclopes
  3 manticores
  3 elephants
  5 moths of wrath
  17 slime creatures
  A water nymph (Shoals:2)
  8 merfolk sirens
  A black mamba (Lair:1)
  3 demonic crawlers
  9 vault sentinels
  A smoke demon (Depths:2)
  A centaur skeleton (D:14)
  3 gargoyles
  A torpor snail (Spider:2)
  10 cane toads
  An unseen horror (D:11)
  A rime drake (Lair:3)
  5 komodo dragons
  An efreet (Volcano)
  3 freezing wraiths (IceCv)
  A yaktaur (shapeshifter) (Depths:3)
  14 yaktaurs
  2 ice devils
  A golden dragon simulacrum (Vaults:5)
  3 trolls
  10 tarantellas
  9 merfolk
  3 wind drakes
  A hornet (Depths:2)
  3 snapping turtles
  A dream sheep (Shoals:4)
  8 blink frogs
  3 jumping spiders (Spider:4)
  A ynoxinul (D:5)
  3 culicivoras
  3 water elementals
  4 wraiths
  2 fire elementals
  A human (shapeshifter) (D:15)
  23 yaks
  2 wyverns
  3 humans (D:12)
  4 steam dragons
  A minotaur simulacrum (IceCv)
  3 basilisks
  A redback (Spider:2)
  15 vampire mosquitoes
  A warg (Orc:2)
  A harpy simulacrum (IceCv)
  An acid dragon (D:11)
  8 water moccasins
  23 orc warriors
  An alligator simulacrum (IceCv)
  An ice beast (D:7)
  3 wolves
  3 ogres
  13 centaurs
  A lemure (D:7)
  4 kobold brigands
  2 phantoms
  9 bullfrogs
  3 scorpions
  2 wights
  5 hexers
  9 killer bees
  3 electric eels
  3 nameless horrors
  2 howler monkeys (D:6)
  4 hounds
  A jelly (D:5)
  12 orc priests
  8 orc wizards
  3 sleepcaps
  2 hell rats (Lair:3)
  A scorpion zombie (D:4)
  A boggart skeleton (D:14)
  A hound zombie (D:4)
  3 gnolls (D:9)
  2 adders
  2 shadow imps
  An ufetubus (D:5)
  2 adder zombies (D:4)
  2 worms (D:6)
  45 orcs
  6 ball pythons
  4 endoplasms
  3 giant cockroaches
  6 goblins
  8 hobgoblins
  14 kobolds
  3 quokkas
  8 bats
  2 frilled lizards (D:2)
  6 rats
717 creatures vanquished.

Vanquished Creatures (collateral kills)
  A dread lich (Zot:5)
  3 orbs of fire (Zot:5)
  Mennas (Depths:4)
  Vv (Depths:3)
  Saint Roka (Vaults:5)
  Xtahua (Depths:4)
  Margery (Vaults:4)
  5 Killer Klowns (Zot:5)
  2 curse toes
  5 golden dragons
  Jory (Depths:2)
  Arachne (Spider:2)
  A bone dragon (Depths:1)
  the Enchantress (Depths:3)
  A doom hound (Depths:2)
  2 electric golems
  Jorgrun (D:14)
  4 tentacled monstrosities
  An Ice Fiend (Depths:4)
  20 Orb Guardians (Zot:5)
  Asterion (Vaults:3)
  4 liches
  A walking frostbound tome (Depths:3)
  2 titans (Vaults:5)
  3 deep elf master archers (WizLab)
  2 quicksilver dragons
  Frances (D:12)
  2 death cobs
  5 sphinxes
  Polyphemus (Shoals:4)
  2 thorn hunters (WizLab)
  A draconian monk (Zot:3)
  2 tengu reavers (Vaults:5)
  6 shadow dragons
  The ghost of Ettath the Severer, a journeyman HOFi of Okawaru (Shoals:3)
  4 fire giants
  3 fenstrider witches (WizLab)
  Ilsuiw (Shoals:2)
  7 storm dragons
  2 deep elf sorcerers
  2 frost giants (Vaults:5)
  5 vault wardens
  3 emperor scorpions (Spider:4)
  5 draconian knights
  5 ghost moths
  6 draconian scorchers
  4 spectral caustic shrikes (Depths:2)
  3 draconian stormcallers (Zot:1)
  3 draconian annihilators
  14 ironbound preservers
  3 spectral juggernauts (Depths:2)
  8 spriggan defenders
  3 draconian shifters
  2 broodmothers
  A reaper (IceCv)
  4 war gargoyles
  An orc warlord (Orc:2)
  2 vampire knights
  4 ironbound thunderhulks
  10 stone giants
  6 black draconians
  A deep elf demonologist (Vaults:5)
  6 very ugly things
  18 dire elephants
  5 white draconians
  5 red draconians
  2 deep elf annihilators (Vaults:5)
  2 grey draconians (Depths:4)
  6 green draconians
  Azrael (Spider:2)
  A yellow draconian (Zot:3)
  4 purple draconians
  A green death (D:8)
  3 eidola
  5 spark wasps
  2 deep elf death magi
  4 merfolk javelineers
  2 crystal guardians (Vaults:3)
  3 jiangshi (Depths:2)
  An ettin (Depths:2)
  8 merfolk impalers
  10 yaktaur captains
  2 shambling mangroves (WizLab)
  An entropy weaver (Spider:4)
  2 great orbs of eyes
  5 fire dragons
  3 hydras
  A spectral spriggan (Depths:2)
  2 peacekeepers (Vaults:3)
  2 radroaches
  2 vault guards (Vaults:5)
  A caustic shrike simulacrum (Depths:2)
  3 hell beasts
  5 ice dragons
  3 spriggan air magi
  6 ironbound frosthearts
  2 catoblepae
  3 merfolk avatars
  2 juggernaut simulacra (Depths:2)
  3 merfolk aquamancers (Shoals:4)
  3 ogre magi
  2 deep troll shamans
  5 two-headed ogres
  A boulder beetle (Spider:4)
  7 satyrs
  6 centaur warriors
  2 tengu warriors
  A death yak (Shoals:4)
  4 spriggan berserkers
  A vampire mage (Depths:2)
  9 deep troll earth magi
  An orc high priest (Orc:2)
  Nergalle (Lair:1)
  A naga sharpshooter (WizLab)
  Sonja (Lair:4)
  A shadow wraith (Depths:2)
  14 hell knights
  A sixfirhy (Depths:1)
  11 iron trolls
  4 pharaoh ants
  A skeletal warrior (Vaults:2)
  2 skysharks
  47 deep trolls
  A sun moth (Spider:4)
  A golden dragon zombie (Depths:2)
  3 sea snakes
  A goliath frog (Lair:5)
  A flayed ghost (Depths:2)
  6 spriggan simulacra
  4 orb spiders
  4 glowing orange brains
  2 swamp dragons (Depths:4)
  6 ironbound convokers
  A kraken simulacrum (Shoals:4)
  A bog body (IceCv)
  A spectral wolf spider (Spider:2)
  3 phantasmal warriors
  2 wizards (Vaults:1)
  2 deep elf archers (WizLab)
  6 lindwurms (Vaults:1)
  5 orc knights
  4 steelbarb worms
  16 ugly things
  5 necromancers
  2 oklob plants (WizLab)
  2 deep elf pyromancers
  15 harpies
  18 wolf spiders
  8 manticores
  2 orc sorcerers (Orc:2)
  18 fauns
  2 cyclopes
  4 wolf spider zombies (Spider:2)
  A salamander (shapeshifter) (Vaults:5)
  13 moths of wrath
  A fire giant skeleton (Depths:2)
  A black mamba (shapeshifter) (Depths:3)
  2 elephants
  6 merfolk sirens
  A water nymph (Shoals:4)
  2 human skeletons
  A stone giant skeleton (Vaults:1)
  3 vault sentinels (Vaults:1)
  A gargoyle (Volcano)
  8 cane toads
  3 demonic crawlers
  3 torpor snails
  2 centaur skeletons (D:14)
  An orange demon (Depths:1)
  16 yaktaurs
  2 komodo dragons
  2 efreet
  2 unseen horrors
  A cane toad (shapeshifter) (D:13)
  11 freezing wraiths
  A hellion (Depths:1)
  6 ice devils
  A golden dragon simulacrum (Depths:2)
  2 tengu conjurers
  An anaconda simulacrum (IceCv)
  A meliai (Lair:2)
  5 hornets
  8 wolf spider simulacra (Spider:2)
  20 merfolk
  3 trolls
  2 wind drakes
  6 snapping turtles
  2 tyrant leeches (Lair:5)
  21 tarantellas
  8 blink frogs
  2 dream sheep (shapeshifter)
  3 dream sheep (Shoals:4)
  A fire giant simulacrum (Depths:2)
  A frost giant simulacrum (Depths:2)
  4 flying skulls (Depths:2)
  16 slime creatures
  An ettin skeleton (Vaults:1)
  4 spriggans
  10 culicivoras
  15 jumping spiders
  3 dire elephant simulacra
  3 wraiths
  A ynoxinul (Depths:4)
  7 wyverns
  7 fire elementals
  29 yaks
  Grum (D:9)
  10 water elementals
  2 basilisks (D:10)
  A chaos spawn (Depths:2)
  A human (D:12)
  24 redbacks
  13 vampire mosquitoes
  3 minotaur simulacra (Shoals:2)
  3 wargs
  3 hell hounds (Spider:2)
  9 water moccasins
  An ogre skeleton (Vaults:5)
  An ettin simulacrum (IceCv)
  2 alligator simulacra (Shoals:2)
  18 orc warriors
  2 black bears
  4 ogres
  5 wolves
  A tengu (shapeshifter) (Vaults:5)
  7 centaurs
  13 nameless horrors
  A kobold brigand (Sewer)
  A scorpion (D:6)
  3 bullfrogs
  A gnoll sergeant (D:9)
  5 deep troll simulacra (IceCv)
  9 wights
  8 killer bees
  A lindwurm simulacrum (IceCv)
  A vampire bat (Lair:4)
  A centaur zombie (D:4)
  A human zombie (D:4)
  8 orc priests
  3 jellies (Lair:4)
  13 orc wizards
  5 hell rats (Lair:3)
  2 mummies (D:4)
  2 gnolls (D:9)
  An adder (D:6)
  An adder zombie (D:4)
  A worm (shapeshifter) (Depths:3)
  A worm (D:2)
  A dart slug (D:1)
  52 orcs
  5 bats (Lair:4)
  6 endoplasms
  A giant cockroach (D:1)
  4 goblins
  3 hobgoblins
  2 quokkas (D:1)
  A ball python (D:3)
  2 frilled lizards
  8 kobolds
  3 rats
  A tentacle (Shoals:4)
1168 creatures vanquished.

Vanquished Creatures (others)
  A kraken (Shoals:2)
  20 eldritch tentacles
  A storm dragon (Depths:3)
  An orb spider (Spider:4)
  A necromancer (Vaults:4)
  A manticore (Shoals:4)
  A merfolk siren (Shoals:4)
  A tarantella (Spider:4)
  A wind drake (Shoals:4)
  A snapping turtle (Shoals:4)
  A spriggan (Depths:4)
  A killer bee (Lair:2)
  An ancestor (D:8)
  98 hexers
  An orc (Vaults:5)
  15 tentacles
146 creatures vanquished.

Grand Total: 2031 creatures vanquished

Notes
Turn   | Place    | Note
-------+----------+-------------------------------------------
     0 | D:1      | babooboo the Kobold Summoner began the quest for the Orb.
     0 | D:1      | Reached XP level 1. HP: 10/10 MP: 3/3
   228 | D:1      | Found Yttuim's Armour Shop.
   234 | D:1      | Reached XP level 2. HP: 15/15 MP: 3/5
   237 | D:1      | Learned a level 2 spell: Call Imp
   377 | D:1      | Got the Directory of the Altered Sun
   738 | D:1      | Reached skill level 1 in Short Blades
   991 | D:2      | Reached XP level 3. HP: 19/19 MP: 6/6
   995 | D:2      | Learned a level 3 spell: Call Canine Familiar
  1910 | D:3      | Reached XP level 4. HP: 24/24 MP: 1/7
  1916 | D:3      | Learned a level 2 spell: Blink
  2098 | D:3      | Found Gomab's Book Shop.
  2560 | D:3      | Found a stormy altar of Qazlal.
  2613 | D:3      | Found a hide-covered altar of Uskayaw.
  2639 | D:3      | Found an ornate altar of the Wu Jian Council.
  2955 | D:3      | Gained mutation: You are agile. (Dex +4, Str/Int -1)
                  | [potion of mutation]
  2955 | D:3      | Gained mutation: You expend magic power (3 MP) to
                  | strengthen your wands. [potion of mutation]
  3154 | D:4      | Reached skill level 1 in Translocations
  3154 | D:4      | Reached XP level 5. HP: 22/28 MP: 3/9
  3262 | D:4      | Noticed a phantom
  3282 | D:4      | Killed a phantom
  3598 | D:4      | Reached skill level 5 in Summonings
  3598 | D:4      | Reached XP level 6. HP: 32/32 MP: 10/10
  3891 | D:4      | Reached skill level 1 in Air Magic
  3891 | D:4      | Reached XP level 7. HP: 15/35 MP: 4/12
  3906 | D:4      | Found a basalt altar of Yredelemnul.
  4624 | D:5      | Entered Level 5 of the Dungeon
  5211 | D:6      | Found a staircase to the Ecumenical Temple.
  5247 | Temple   | Entered the Ecumenical Temple
  5264 | Temple   | Became a worshipper of Hepliaklqana the Forgotten
  5398 | D:6      | Reached XP level 8. HP: 41/41 MP: 13/13
  5418 | D:6      | Reached skill level 6 in Summonings
  5480 | D:6      | Reached skill level 5 in Stealth
  5634 | D:6      | Found a glowing drain.
  5641 | Sewer    | Entered a sewer
  5669 | Sewer    | Learned a level 4 spell: Summon Lightning Spire
  5984 | Sewer    | Reached * piety under Hepliaklqana
  5999 | Sewer    | Reached skill level 5 in Dodging
  6068 | Sewer    | Reached skill level 9 in Summonings
  6068 | Sewer    | Reached skill level 5 in Translocations
  6068 | Sewer    | Reached XP level 9. HP: 40/40 MP: 18/18
  6359 | D:6      | You fall into a shaft and drop 3 floors!
  6425 | D:8      | Noticed a two-headed ogre
  6428 | D:8      | Killed a two-headed ogre
  6429 | D:8      | Reached XP level 10. HP: 45/45 MP: 19/19
  6432 | D:8      | Noticed a centaur warrior
  6442 | D:8      | Killed a centaur warrior
  6485 | D:8      | Noticed a purple ugly thing
  6486 | D:8      | Noticed an ogre mage
  6486 | D:8      | Noticed a deep elf pyromancer
  6487 | D:8      | Noticed a cyclops
  7300 | D:7      | Reached ** piety under Hepliaklqana
  7301 | D:7      | Remembered your ancestor Ramose as a hexer
  7337 | D:7      | Identified the +0 spear "Piyxt" {spect, rElec Int+5}
  7654 | D:7      | Noticed Pikel
  7675 | D:7      | Killed Pikel
  7676 | D:7      | Reached skill level 10 in Summonings
  8167 | D:8      | Noticed a two-headed ogre
  8174 | D:8      | Killed a two-headed ogre
  8175 | D:8      | Reached XP level 11. HP: 48/48 MP: 19/21
  8302 | D:8      | Noticed a centaur warrior
  8309 | D:8      | Killed a centaur warrior
  8422 | D:8      | Found a shimmering blue altar of Sif Muna.
  8815 | D:9      | Noticed Erica
  8823 | D:9      | Killed Erica
  8981 | D:9      | Noticed Grum
  8989 | D:9      | Killed Grum
  9049 | D:9      | Reached skill level 10 in Stealth
  9469 | D:9      | Found a snail-covered altar of Cheibriados.
  9663 | D:9      | Found a staircase to the Orcish Mines.
  9802 | D:8      | Killed an ogre mage
  9835 | D:8      | Killed a cyclops
  9836 | D:8      | Reached skill level 11 in Summonings
  9870 | D:8      | Killed a purple ugly thing
  9993 | D:8      | Reached XP level 12. HP: 52/53 MP: 23/23
 10179 | D:10     | Entered Level 10 of the Dungeon
 10360 | D:10     | Found a flagged portal.
 10437 | Bailey   | Entered a bailey
 10685 | Bailey   | Identified the +2 kite shield "Pausar" {rC+ rN+}
 11107 | D:10     | Found a staircase to the Lair.
 11122 | D:10     | Reached skill level 1 in Shields
 11414 | D:10     | Reached *** piety under Hepliaklqana
 12071 | D:11     | Identified the +5 quarterstaff of the Mind {freeze,
                  | *Corrode rPois rC- Stlth+}
 12280 | D:11     | Reached skill level 1 in Invocations
 12412 | D:11     | Noticed a boulder beetle
 12413 | D:11     | Noticed a two-headed ogre
 12438 | D:11     | Killed a two-headed ogre
 13144 | D:11     | Reached skill level 10 in Dodging
 13447 | D:11     | Reached skill level 12 in Summonings
 13625 | D:11     | Killed a boulder beetle
 13626 | D:11     | Reached XP level 13. HP: 45/56 MP: 25/25
 13953 | Lair:1   | Entered Level 1 of the Lair of Beasts
 14018 | Lair:1   | Noticed Nergalle
 14024 | Lair:1   | Killed Nergalle
 14472 | Lair:1   | Found a dark tunnel.
 14494 | Volcano  | Entered a volcano
 14623 | Volcano  | Noticed a stone giant
 14647 | Volcano  | Killed a stone giant
 14879 | Lair:1   | Reached **** piety under Hepliaklqana
 15917 | Lair:2   | Found a hole to the Spider Nest.
 16398 | Lair:2   | Noticed a six-headed hydra
 16404 | Lair:2   | Killed a six-headed hydra
 17039 | Lair:3   | Noticed a four-headed hydra
 17054 | Lair:3   | Killed a four-headed hydra
 17440 | Lair:3   | Reached skill level 5 in Shields
 17469 | Lair:3   | Reached XP level 14. HP: 61/61 MP: 18/27
 17508 | Lair:3   | Reached skill level 13 in Summonings
 17605 | Lair:3   | Reached ***** piety under Hepliaklqana
 17785 | Lair:3   | Found a staircase to the Shoals.
 19389 | Lair:4   | You fall into a shaft and drop 1 floor!
 19389 | Lair:5   | Entered Level 5 of the Lair of Beasts
 19402 | Lair:5   | Reached skill level 5 in Invocations
 20023 | Lair:4   | Found a staircase to the Slime Pits.
 20299 | Lair:4   | Noticed Sonja
 20319 | Lair:4   | Killed Sonja
 21112 | Lair:5   | Reached skill level 10 in Spellcasting
 21114 | Lair:5   | Reached skill level 14 in Summonings
 21425 | Lair:5   | Reached XP level 15. HP: 64/64 MP: 20/29
 21481 | Lair:5   | Lost mutation: You are agile. (Dex +4, Str/Int -1) [potion
                  | of mutation]
 21481 | Lair:5   | Lost mutation: You expend magic power (3 MP) to strengthen
                  | your wands. [potion of mutation]
 21481 | Lair:5   | Gained mutation: You are weak. (Str -2) [potion of
                  | mutation]
 21481 | Lair:5   | Lost mutation: You are weak. (Str -2) [potion of mutation]
 21481 | Lair:5   | Gained mutation: Your flesh is heat resistant. (rF+)
                  | [potion of mutation]
 21500 | Lair:5   | Learned a level 2 spell: Passwall
 22144 | Lair:5   | Learned a level 4 spell: Manifold Assault
 22655 | D:12     | Found a flickering gateway to a bazaar.
 22730 | Bazaar   | Entered a bazaar
 22730 | Bazaar   | Found Vimit's Antique Weapon Shop.
 22732 | Bazaar   | Found Bydgh's Jewellery Shoppe.
 22750 | Bazaar   | Found Sotad's General Store.
 22755 | Bazaar   | Found Tybbin's Antique Armour Boutique.
 22758 | Bazaar   | Found Emastec's Assorted Antiques.
 22793 | Bazaar   | Bought a translucent dagger for 196 gold pieces
 22793 | Bazaar   | Identified the +8 dagger "Yptew" {drain, Fly rF++} (You
                  | bought it in a shop in a bazaar)
 22800 | Bazaar   | Bought a potion of heal wounds for 95 gold pieces
 22803 | Bazaar   | Bought a ring of wizardry for 270 gold pieces
 22811 | Bazaar   | Bought a warped troll leather armour for 460 gold pieces
 22811 | Bazaar   | Identified the +0 troll leather armour of the Dwarven Hall
                  | {Will+ Regen+} (You bought it in a shop in a bazaar)
 22886 | D:12     | Noticed Frances
 22895 | D:12     | Killed Frances
 23907 | D:13     | Found Derch's Magic Scroll Boutique.
 23931 | D:13     | Found a transporter.
 23940 | D:13     | Noticed a purple very ugly thing
 23944 | D:13     | Found a transporter.
 24052 | D:13     | Reached ****** piety under Hepliaklqana
 24110 | D:13     | Learned a level 4 spell: Passage of Golubria
 24677 | D:13     | Noticed Louise
 24865 | D:14     | Found a gate to the Vaults.
 24885 | D:14     | Reached skill level 15 in Summonings
 25354 | D:14     | Noticed Nessos
 25358 | D:14     | Killed Nessos
 25386 | D:14     | Noticed Jorgrun
 25413 | D:14     | Killed Jorgrun
 25865 | D:14     | Identified a scroll of acquirement
 25865 | D:14     | Acquired a +0 helmet of intelligence
 25932 | D:15     | Entered Level 15 of the Dungeon
 26470 | Orc:1    | Entered Level 1 of the Orcish Mines
 26492 | Orc:1    | Reached XP level 16. HP: 68/68 MP: 26/31
 26510 | Orc:1    | Found Pasea's Book Shoppe.
 26535 | Orc:1    | Found Foic's Jewellery Emporium.
 26599 | Orc:1    | Found Cuasexi's Book Shop.
 26852 | Orc:2    | Entered Level 2 of the Orcish Mines
 26988 | Orc:2    | Found a staircase to the Elven Halls.
 27171 | Orc:2    | Found Lemiv's General Store.
 27172 | Orc:2    | Found Tyimiul's Specific Store.
 27181 | Orc:2    | Bought a scroll of blinking for 90 gold pieces
 27181 | Orc:2    | Bought a potion of heal wounds for 60 gold pieces
 27363 | Orc:2    | Noticed Urug
 27373 | Orc:2    | Killed Urug
 27628 | Orc:2    | Reached skill level 16 in Summonings
 27710 | Orc:2    | Found Eny Diuliberch's General Store.
 27936 | Orc:2    | Found Qoruecie's Book Boutique.
 28046 | Orc:2    | Found Exeuruw's Antique Armour Boutique.
 28056 | Orc:2    | Found Wonkid's Antique Weapon Boutique.
 28619 | Orc:2    | Bought a pair of glowing gloves for 210 gold pieces
 28619 | Orc:2    | Bought a transparent robe for 159 gold pieces
 28619 | Orc:2    | Identified the +2 robe of Viyxkee {rElec rF+ rC+ Stlth-}
                  | (You bought it in a shop on level 2 of the Orcish Mines)
 28861 | Orc:1    | Bought the ring of Fiotivoh {Fly rC+ MP+9} for 541 gold
                  | pieces
 28896 | D:9      | Learned a level 3 spell: Teleport Other
 29009 | Shoals:1 | Entered Level 1 of the Shoals
 29010 | Shoals:1 | Noticed Josephine
 29014 | Shoals:1 | Killed Josephine
 29015 | Shoals:1 | Reached skill level 10 in Shields
 29460 | Shoals:1 | Found Mobbo's Jewellery Shoppe.
 30329 | Shoals:2 | Noticed a kraken
 30340 | Shoals:2 | Killed a kraken
 30618 | Shoals:2 | Noticed Nikola
 30625 | Shoals:2 | Killed Nikola
 30637 | Shoals:2 | Found Deogaoma's Jewellery Emporium.
 30730 | Shoals:2 | Noticed Ilsuiw
 30739 | Shoals:2 | Found a frozen archway.
 30747 | IceCv    | Entered an ice cave
 30831 | IceCv    | Learned a level 6 spell: Summon Cactus Giant
 30837 | IceCv    | Learned a level 5 spell: Summon Mana Viper
 31249 | IceCv    | Reached XP level 17. HP: 72/72 MP: 25/33
 31617 | IceCv    | Reached skill level 17 in Summonings
 33191 | Shoals:2 | Killed Ilsuiw
 34279 | Shoals:2 | Noticed a kraken
 34287 | Shoals:2 | Killed a kraken
 34953 | Shoals:3 | Found a flickering gateway to a bazaar.
 34969 | Bazaar   | Entered a bazaar
 34980 | Bazaar   | Found Umu Zefiho's Antique Weapon Emporium.
 34987 | Bazaar   | Found Acuf's Assorted Antiques.
 35016 | Bazaar   | Found Baca's Book Boutique.
 35029 | Bazaar   | Found Vazxylos's Weapon Emporium.
 35044 | Bazaar   | Bought a Grand Grimoire for 374 gold pieces
 35074 | Bazaar   | Bought a heavily runed garnet amulet for 110 gold pieces
 35074 | Bazaar   | Identified the amulet of Ducuick {Spirit rC++} (You bought
                  | it in a shop in a bazaar)
 35085 | Bazaar   | Bought a steaming rapier for 171 gold pieces
 35085 | Bazaar   | Identified the +2 rapier "Molettep" {heavy, Drain Dex+6}
                  | (You bought it in a shop in a bazaar)
 35110 | Bazaar   | Bought the Discursus on the Adder and the Gestalt for 374
                  | gold pieces
 35134 | Bazaar   | Learned a level 8 spell: Summon Horrible Things
 35143 | Bazaar   | Learned a level 7 spell: Malign Gateway
 35398 | Shoals:3 | Found a runed translucent door.
 35398 | Shoals:3 | Noticed Ettath's ghost (journeyman HOFi)
 35444 | Shoals:3 | Killed Ettath's ghost
 35870 | Shoals:4 | Entered Level 4 of the Shoals
 35891 | Shoals:4 | Reached skill level 18 in Summonings
 36039 | Shoals:4 | Reached XP level 18. HP: 66/76 MP: 12/35
 36404 | Shoals:4 | Identified the ring "Sokoplae" {Will++ rCorr Int+2}
 36846 | Shoals:4 | Got a barnacled rune of Zot
 36908 | Shoals:4 | Identified the +0 fire dragon scales "Hulizi" {rPois rF++
                  | rC- Will+ Str-5 Int+3}
 36929 | Shoals:4 | Noticed Polyphemus
 36944 | Shoals:4 | Killed Polyphemus
 37592 | Spider:1 | Entered Level 1 of the Spider Nest
 37791 | Shoals:1 | Bought a ring of see invisible for 285 gold pieces
 38701 | Spider:2 | Noticed Arachne
 38710 | Spider:2 | Killed Arachne
 38839 | Spider:2 | You fall into a shaft and drop 1 floor!
 38887 | Spider:3 | Reached skill level 19 in Summonings
 39509 | Spider:2 | Noticed Azrael
 39517 | Spider:2 | Killed Azrael
 40125 | Spider:2 | Reached XP level 19. HP: 80/80 MP: 31/36
 41021 | Spider:4 | Entered Level 4 of the Spider Nest
 42258 | Spider:4 | Got a gossamer rune of Zot
 42801 | D:15     | Reached skill level 20 in Summonings
 42952 | D:15     | Found a staircase to the Depths.
 42965 | D:15     | Acquired the amulet "Vujogisy" {rC+++ Regen+ Dex+2}
 42987 | Depths:1 | Entered Level 1 of the Depths
 42990 | Depths:1 | Found Ahyah's CLEARANCE SALE!.
 43009 | Depths:1 | Noticed a lich
 43017 | Depths:1 | Killed a lich
 43467 | Depths:1 | Found a one-way gateway to a ziggurat.
 43553 | Depths:1 | Found a gateway to Hell.
 43626 | Depths:1 | Noticed a bone dragon
 43638 | Depths:1 | Killed a bone dragon
 43876 | Depths:1 | Found Qirymime's Antique Weapon Shop.
 43917 | Depths:1 | Found a one-way gate leading to the halls of Pandemonium.
 44085 | Depths:1 | Reached XP level 20. HP: 83/84 MP: 28/38
 44165 | Depths:2 | Reached skill level 15 in Shields
 44918 | Depths:2 | Reached skill level 15 in Spellcasting
 45025 | Depths:2 | Acquired 1359 gold pieces
 45034 | Depths:2 | Found a one-way gate to the infinite horrors of the Abyss.
 45242 | Depths:2 | Noticed a doom hound
 45246 | Depths:2 | Killed a doom hound
 46033 | Depths:2 | Reached skill level 21 in Summonings
 46203 | Depths:2 | Reached skill level 10 in Short Blades
 46588 | Depths:2 | Identified the ring "Luriran" {rF+ rC- Will+ Int+2 Dex+3}
 46601 | Depths:2 | Noticed Jory
 46898 | Depths:2 | Killed Jory
 47045 | Depths:2 | Found Mapsihod's Distillery.
 47057 | Depths:2 | Identified the +0 chain mail of the Griffon {Str+3}
 47329 | Depths:2 | Found a basalt altar of Yredelemnul.
 47548 | Depths:3 | Reached XP level 21. HP: 89/89 MP: 30/40
 47704 | Depths:3 | Found a magical portal.
 47710 | WizLab   | Entered Eringya's Formal Garden
 47746 | WizLab   | Reached skill level 1 in Fighting
 48465 | WizLab   | Found a blossoming altar of Fedhas.
 48997 | Depths:3 | Found a portal to a secret trove of treasure.
 49588 | Depths:3 | Learned a level 9 spell: Dragon's Call
 50784 | Depths:4 | Entered Level 4 of the Depths
 50851 | Depths:4 | Noticed Vv
 50938 | Depths:4 | Noticed the Enchantress
 51123 | Depths:3 | Killed Vv
 51673 | Depths:3 | Killed the Enchantress
 51674 | Depths:3 | Reached skill level 22 in Summonings
 51785 | Depths:4 | Found Getah's Armour Emporium.
 51824 | Depths:4 | Noticed Mennas
 51830 | Depths:4 | Reached skill level 5 in Fighting
 51834 | Depths:4 | Killed Mennas
 51835 | Depths:4 | Reached XP level 22. HP: 103/103 MP: 29/42
 51988 | Depths:4 | Noticed Xtahua
 51995 | Depths:4 | Killed Xtahua
 52530 | Depths:4 | Noticed a golden dragon
 52561 | Depths:4 | Killed a golden dragon
 52651 | Depths:4 | Found a gate to the Realm of Zot.
 53100 | Vaults:1 | Entered Level 1 of the Vaults
 53173 | Vaults:1 | Identified the +2 robe of Fedhas's Grace {rN+}
 53982 | Vaults:1 | Identified the +8 falchion "Bobucrol" {drain, Contam rPois
                  | rF+++ Int-4}
 54566 | Vaults:1 | Reached XP level 23. HP: 109/111 MP: 34/43
 55083 | Vaults:2 | Identified the +8 chain mail "Utreg" {Dex+4}
 55085 | Vaults:2 | Identified the +0 buckler of Elyvilon's Delight {Dex+4}
 55562 | Vaults:2 | Reached skill level 23 in Summonings
 55683 | Vaults:2 | Found a staircase to the Crypt.
 57031 | Vaults:3 | Noticed Mara
 57040 | Vaults:3 | Noticed babooboo's illusion
 57046 | Vaults:3 | Killed Mara
 57047 | Vaults:3 | Reached skill level 10 in Translocations
 57395 | Vaults:3 | Noticed Asterion
 57410 | Vaults:3 | Killed Asterion
 58304 | Vaults:4 | Noticed Margery
 58311 | Vaults:4 | Killed Margery
 58314 | Vaults:4 | Reached XP level 24. HP: 103/120 MP: 11/44
 58546 | Vaults:4 | Found a runed translucent door.
 58556 | Vaults:4 | Found a shimmering altar of Xom.
 58556 | Vaults:4 | Noticed Bicih's ghost (veteran MiFi)
 58556 | Vaults:4 | Identified the +7 rapier "Keymis" {chaos, Will+ Stlth+}
 58850 | Vaults:4 | Found Cineo's Antique Armour Emporium.
 58875 | Vaults:4 | Bought a shiny kite shield for 382 gold pieces
 58970 | Vaults:4 | Found Qalajie's Armour Shoppe.
 59215 | Vaults:4 | Found Liuse's Armour Shop.
 59964 | Vaults:5 | Entered Level 5 of the Vaults
 59978 | Vaults:5 | Reached skill level 24 in Summonings
 60295 | Vaults:5 | Reached skill level 10 in Fighting
 60846 | Vaults:5 | Identified the +3 broad axe of Joyful Slaughter {drain,
                  | rElec rC+ Will-}
 61003 | Vaults:5 | Got a silver rune of Zot
 61005 | Vaults:5 | Identified the ring "Tara" {+Blink MP+9}
 61032 | Vaults:5 | Identified the +2 great mace of Tentacled Guile {heavy, rC-
                  | rN+++ rCorr Stlth+}
 61032 | Vaults:5 | Identified the ring of Peace {rC+ AC+4 Dex+5 Stlth-}
 61087 | Vaults:5 | Identified the +6 plate armour of Iloonun {Int-3 Dex+3
                  | Stlth+}
 61224 | Vaults:5 | Reached XP level 25. HP: 111/128 MP: 32/44
 61315 | Vaults:5 | Noticed Saint Roka
 61323 | Vaults:5 | Killed Saint Roka
 61331 | Vaults:5 | Identified the ring of Jajinut {Int+3 Dex+6 SInv}
 61553 | Vaults:5 | Identified the staff of fire "Cuoroomo" {rElec rPois rF+
                  | Int+5 Stlth-}
 62557 | Zot:1    | Entered Level 1 of the Realm of Zot
 63379 | Zot:1    | Acquired the Parchment of Mustering
 63480 | Zot:1    | Reached skill level 1 in Fire Magic
 63804 | Zot:3    | Noticed a curse toe
 63816 | Zot:3    | Killed a curse toe
 64154 | Zot:2    | Reached skill level 5 in Air Magic
 64308 | Zot:3    | Acquired 747 gold pieces
 64309 | Zot:3    | Acquired the +4 pair of gloves of the Enfolding Gods {rF+}
 64323 | Zot:3    | Acquired the scarf of Kikubaaqudgha {+Inv, rElec rC+}
 64707 | Zot:3    | Reached skill level 5 in Fire Magic
 64844 | Zot:3    | You fall into a shaft and drop 1 floor!
 64859 | Zot:4    | Noticed a curse toe
 64867 | Zot:4    | Killed a curse toe
 64897 | Zot:4    | Reached XP level 26. HP: 80/135 MP: 1/44
 65110 | Zot:4    | Identified the +1 arbalest of Purpose {flame, rN+ Str+2}
 65177 | Zot:4    | Noticed a curse toe
 65187 | Zot:4    | Killed a curse toe
 65574 | Zot:4    | Noticed a curse toe
 65582 | Zot:4    | Killed a curse toe
 65669 | Zot:5    | Entered Level 5 of the Realm of Zot
 65697 | Zot:5    | Noticed an orb of fire
 65716 | Zot:5    | Killed an orb of fire
 66377 | Zot:5    | Noticed a Killer Klown
 66383 | Zot:5    | Noticed a Killer Klown
 66385 | Zot:5    | Noticed an orb of fire
 66397 | Zot:5    | Noticed a Killer Klown
 66397 | Zot:5    | Gained mutation: You have large cloven feet. [an orb of
                  | fire]
 66805 | Zot:5    | Killed a Killer Klown
 66809 | Zot:5    | Killed a Killer Klown
 66819 | Zot:5    | Killed an orb of fire
 66821 | Zot:5    | Killed a Killer Klown
 67093 | Zot:5    | Reached skill level 10 in Air Magic
 67162 | Zot:5    | Learned a level 6 spell: Plasma Beam
 67170 | Zot:5    | Learned a level 7 spell: Spellforged Servitor
 67236 | Zot:5    | Noticed a dread lich
 67236 | Zot:5    | Noticed a Killer Klown
 67284 | Zot:5    | Noticed a Killer Klown
 67500 | Zot:5    | Killed a Killer Klown
 67501 | Zot:5    | Reached skill level 1 in Conjurations
 67503 | Zot:5    | Killed a Killer Klown
 67656 | Zot:5    | Noticed a Killer Klown
 67673 | Zot:5    | Killed a Killer Klown
 67700 | Zot:5    | Noticed an orb of fire
 67701 | Zot:5    | Gained mutation: Your spells are a little easier to cast,
                  | but a little less powerful. [an orb of fire]
 67702 | Zot:5    | Noticed an orb of fire
 67826 | Zot:5    | Reached skill level 5 in Conjurations
 67990 | Zot:5    | Killed an orb of fire
 68222 | Zot:5    | Noticed a Killer Klown
 68234 | Zot:5    | Killed a Killer Klown
 68345 | Zot:5    | Killed a dread lich
 68913 | Zot:5    | Gained mutation: You sometimes lose your temper in combat.
                  | [an orb of fire]
 68920 | Zot:5    | Killed an orb of fire
 68921 | Zot:5    | Reached XP level 27. HP: 118/139 MP: 11/44
 69116 | Zot:5    | Got the Orb of Zot
 69735 | D:$      | Escaped with the Orb!

Illustrated notes

Levels and vault maps discovered:
D:1:      dpeg_arrival_shelter, layout_rooms, serial_shops,
          nicolae_shop_rolling_square, minivault_26
D:2:      layout_loops_ring
D:3:      layout_basic, mainiacjoe_overflow_catwalk,
          mainiacjoe_overflow_large_starburst, serial_bayou,
          serial_bayou_shore_a, serial_bayou_lagoon_a, serial_bayou_shore_b,
          serial_bayou_pond_c, serial_bayou_crossing, serial_bayou_pond_c,
          serial_shops, nicolae_shop_stone, minmay_misc_feat_pillars,
          dreamdust_wishing_well
D:4:      layout_basic, lemuel_mausoleum_altar_yredelemnul
D:5:      layout_rooms
D:6:      layout_basic, minmay_temple_entry_statues,
          cheibrodos_sewer_entry_bend, kennysheep_windowed_goal
D:7:      layout_loops_corners, corexii_checkpoint_a, uniq_pikel
D:8:      minmay_klotski, layout_cave_pools, mainiacjoe_overflow_six_doors_small
D:9:      layout_big_octagon, cheibriados_altar_1, david_orc_4, uniq_erica,
          uniq_grum
D:10:     lemuel_ice_statue, layout_loops_ring, david_lair_generic,
          enter_bailey_4
D:11:     layout_basic
D:12:     layout_loops_ring, serial_shops, bzr_entry_customers, uniq_frances
D:13:     layout_roguey, serial_shops, nicolae_stop_n_shop_1,
          gammafunk_ghost_abyssal_escape, sword_in_stone
D:14:     layout_roguey [special_room_orc],
          hangedman_vaults_entry_quadrant_bands, minivault_25, uniq_nessos,
          uniq_jorgrun
D:15:     hangedman_depths_entry_try_elsewhere_first, layout_rooms,
          nicolae_sextant
Temple:   nicolae_temple_superstar
Lair:1:   layout_regular_city, nicolae_volcano_entry_lava_flow,
          serial_bayou_shore_b, uniq_nergalle
Lair:2:   layout_misc_corridors, hellmonk_spider_entry_not_the_bees,
          beast_lair_carwin_4
Lair:3:   layout_regular_city, minmay_shoals_entry_lonely_mermaid, st_stairs_12,
          nicolae_lair_grazing_beasts [nicolae_sub_lair_graze_edge,
          nicolae_sub_lair_graze_edge, nicolae_sub_lair_graze_edge,
          nicolae_sub_lair_graze_edge]
Lair:4:   layout_regular_city, nicolae_slime_entry_slimehenge, roderic_batcave,
          pond, infiniplex_staircase_pool, serial_bayou_shore_b, uniq_sonja
Lair:5:   minmay_lair_end_frog_pond, layout_hall_layers,
          chequers_serial_rivers_large_a, hibernation_bobbens
Shoals:1: layout_shoals, serial_shops, nicolae_shop_window_shopping,
          uniq_josephine
Shoals:2: layout_shoals, portal_ice_cave_entry_ice_simulacra, serial_shops,
          nicolae_shop_hallway_plus, uniq_nikola, uniq_ilsuiw
Shoals:3: layout_shoals, hellmonk_ghost_happy_afterlife, serial_shops,
          bzr_entry_gold
Shoals:4: shoals_end_grunt_ice, layout_shoals,
          nicolae_shoals_nautilus_by_nature, uniq_polyphemus
Spider:1: layout_spider_delve, drop_trap, hangedman_spider_mandibles
Spider:2: layout_spider_delve, nicolae_spider_undead_wolf_pack, uniq_azrael,
          uniq_arachne
Spider:3: layout_spider_delve
Spider:4: guppyfry_spider_rune
Orc:1:    layout_caves, serial_shops, shop, shop, nicolae_shop_statue_plus
Orc:2:    grunt_orc_cross, layout_diamond_mine, nicolae_specific_store,
          nicolae_orc_lava_room
Vaults:1: nicolae_vaults_big_ls, nicolae_vaults_steering_wheel,
          nicolae_vaults_diamond_2, v_alt_pattern_5, grunt_vaults_hallway_short,
          v_pattern_5, nicolae_vaults_border_crossing, nicolae_vaults_meiosis,
          nicolae_vaults_rhombus_6, nicolae_vaults_diamond_2,
          nicolae_vaults_trapezoid_layered, nicolae_vaults_layer_cake_slice,
          nicolae_vaults_little_squares_3, vaults_dpeg_hooks,
          nicolae_vaults_cochlea, layout_vaults_big_room
Vaults:2: nicolae_vaults_frosty_reception, nicolae_vaults_angled_halls,
          nicolae_vaults_tetromino_L_1, nicolae_vaults_diagonal_hallway_6,
          nicolae_vaults_two_Ls, vaults_mumra_hexcomb,
          minmay_crypt_entry_simple_corners, nicolae_vaults_storage_closets_2,
          vaults_mumra_chevron_long, ontoclasm_vaults_hangar,
          layout_vaults_omnigrid
Vaults:3: v_misc_10, st_cross, nicolae_vaults_closet_pinwheel_2,
          nicolae_vaults_closet_pinwheel_6, nicolae_vaults_network_s,
          vaults_standard_mumra_x, nicolae_vaults_prndl, v_misc_14,
          nicolae_vaults_doubleplus_tesselated,
          nicolae_vaults_oval_intersection, ontoclasm_vaults_ring_small,
          layout_vaults_maze, uniq_mara, uniq_asterion
Vaults:4: ebering_ghost_xom, nicolae_vaults_house_1,
          ontoclasm_vaults_misaligned, nicolae_vaults_puzzle_piece,
          nicolae_vaults_little_ls, nicolae_vaults_asterisk,
          ontoclasm_vaults_loading_screen, nicolae_vaults_trapezoid_layered,
          v_misc_23, v_misc_15, hangedman_vaults_cutoff,
          nicolae_vaults_storage_room_statues, ontoclasm_vaults_chip,
          grunt_vaults_swirl, layout_vaults_omnicross, serial_shops,
          nicolae_shop_trees, shop, nicolae_shop_tiny_glass, uniq_margery
Vaults:5: uniq_saint_roka
Depths:1: layout_cave_pools, enter_ziggurat_b, serial_shops, shop,
          grunt_mini_vestibule, rand_demon_pan_entry_3, nicolae_shop_clearance
Depths:2: lemuel_vampire_tower, layout_basic, rand_demon_pan_entry_4,
          pf_hell_entry_tar_river, abyss_entry, serial_shops,
          nicolae_square_shop, kennysheep_nondescript, minmay_staircase_statues
Depths:3: minmay_split_circle, layout_small_grid,
          infiniplex_enter_wizlab_glasses, hell_entry, minmay_misc_feat_alley,
          nicolae_abyss_entry_one_way_or_another, enter_trove_1
Depths:4: evilmike_zot_entry_gauntlet, layout_cave_shapes, serial_shops,
          nicolae_shop_stone, hell_entry, uniq_enchantress, uniq_mennas,
          uniq_vv, uniq_xtahua
Zot:1:    nicolae_zot_stationary_front, layout_misc_corridors
Zot:2:    layout_concentric_octagons, lemuel_baited_zot_trap,
          nicolae_diode_quadrants
Zot:3:    layout_misc_corridors
Zot:4:    layout_basic
Zot:5:    layout_cathedral_of_symmetry, lemuel_lake_of_fire

Skill      XL: |  1  2  3  4  5  6  7  8  9 10 11 12 13 14 15 16 17 18 19 20 21 22 23 24 25 26 |
---------------+-------------------------------------------------------------------------------+-----
Stealth        | 3 4 8 9 10 11 12 | 12.2
Short Blades   | 1 2 3 7 8 9 10 11 | 11.0
Dodging        | 3 4 7 8 9 10 13 14 | 14.3
Translocations | 1 2 5 6 7 8 9 10 11 12 | 12.0
Spellcasting   | 3 6 7 8 9 10 11 12 13 14 15 16 17 | 17.2
Summonings     | 5 9 10 11 12 14 15 16 18 19 20 21 22 23 24 | 24.7
Air Magic      | 1 2 7 10 | 10.0
Shields        | 2 5 7 9 11 12 13 14 15 16 17 18 | 18.3
Invocations    | 2 4 6 |  6.0
Fighting       | 5 7 8 10 11 | 11.0
Fire Magic     | 6 9 |  9.6
Conjurations   | 9 |  9.8

Action                     |  1- 3 |  4- 6 |  7- 9 | 10-12 | 13-15 | 16-18 | 19-21 | 22-24 | 25-27 || total
---------------------------+-------+-------+-------+-------+-------+-------+-------+-------+-------++-------
  Melee: Unarmed           |    13 |       |       |       |       |       |       |       |       ||    13
         Dagger            |    11 |       |       |       |   186 |   395 |   168 |   599 |   380 ||  1739
         Short sword       |    39 |    88 |    93 |   264 |   404 |       |       |       |       ||   888
         Punch             |       |     2 |       |     1 |     5 |     3 |     1 |       |       ||    12
         Quick blade       |       |       |       |       |       |   227 |   152 |       |    40 ||   419
   Cast: Summon Small Mamm |     9 |       |       |       |       |       |       |       |       ||     9
         Call Imp          |     6 |     4 |     5 |    27 |    43 |    21 |       |       |       ||   106
         Call Canine Famil |     3 |    10 |     6 |    33 |    76 |    28 |     1 |       |       ||   157
         Summon Lightning  |       |       |     2 |    29 |    76 |    49 |     1 |       |       ||   157
         Blink             |       |       |     1 |       |     2 |     6 |    16 |     1 |       ||    26
         Manifold Assault  |       |       |       |       |    10 |    57 |    49 |    23 |     1 ||   140
         Summon Mana Viper |       |       |       |       |       |    24 |    28 |    11 |     2 ||    65
         Summon Cactus Gia |       |       |       |       |       |    32 |       |       |       ||    32
         Summon Horrible T |       |       |       |       |       |    52 |   131 |    68 |    33 ||   284
         Malign Gateway    |       |       |       |       |       |     7 |     9 |     4 |       ||    20
         Dragon's Call     |       |       |       |       |       |       |     2 |    10 |    20 ||    32
         Spellforged Servi |       |       |       |       |       |       |       |       |    10 ||    10
 Invoke: Recall Ancestor   |       |       |       |     5 |     9 |    14 |     8 |     3 |     5 ||    44
         Ancestor Life: He |       |       |       |     1 |       |       |       |       |       ||     1
         Idealise          |       |       |       |       |     1 |     2 |     3 |     1 |     1 ||     8
  Evoke: Wand              |       |       |       |     2 |    16 |    11 |       |       |     9 ||    38
         Lightning rod     |       |       |       |       |       |     5 |       |     2 |       ||     7
    Use: Scroll            |     4 |     5 |     7 |     5 |    26 |    16 |    10 |     3 |    12 ||    88
         Potion            |     3 |     7 |     1 |     4 |     8 |    15 |    18 |    14 |     4 ||    74
   Stab: Sleeping          |    11 |    13 |    14 |    25 |    38 |    30 |    16 |    16 |     6 ||   169
         Distracted        |     1 |     1 |     3 |    16 |    18 |    15 |     9 |    14 |    20 ||    97
         Confused          |       |       |       |     5 |    10 |    10 |     9 |    23 |    11 ||    68
         Invisible         |       |       |       |       |     7 |     4 |       |     2 |       ||    13
         Paralysed         |       |       |       |       |    12 |    29 |     9 |    33 |    14 ||    97
 Armour: Robe              |    10 |     5 |    17 |    43 |     5 |       |    39 |    25 |    22 ||   166
         Leather armour    |       |       |       |       |    51 |       |       |       |       ||    51
         Troll leather arm |       |       |       |       |    38 |   100 |    20 |       |       ||   158
         Acid dragon scale |       |       |       |       |       |       |       |       |    43 ||    43
  Dodge: Dodged            |    47 |    49 |    77 |   297 |   407 |   384 |   182 |   197 |   189 ||  1829
         Repelled          |       |       |       |       |       |       |     5 |    17 |     7 ||    29
  Block: Kite shield       |       |       |       |       |   130 |   201 |   155 |   281 |   205 ||   972
